Unix NetHack Version 5.0.0-0 post-release - last build May 30 2026 05:04:26 (55804bc15828dd6e32e9076e0726aa6fccb6e981,branch:main).

Game began 2026-05-30 17:17:34, ended 2026-05-30 18:48:58.

DiePARTEI, neutral male human Tourist

                                                                           ----
  ----          ------  --    ----                                      ----..|
 --..-----     --....|  |.----|..--                        -----       --.|...|
 |.......|     |.....|  |....--...--                      --.|..---    |.....--
 --.----.|    --...---  |..........| ------------        --...|...-------....|
  ---  |.--- --..-.|    ---........---..........|       --..----.....--.....--
       |...| |.....|      |-...........-------..|       |...----#..^....-----
       --..| |..--.|      |..........^--     ----       --............---
        --.| --.||.|   ----.........0.|     ----         |.--.#--.....-
         |.----.||.|   |..............--    |..          |.|..| ---....|
         |..|...||.|   --..............--   |.-          |.|..--  --..--
         |....---|.|    |......--...a...-----.------------.....|   ----
         |..---  |.|    --.|...--..@a[)........................--       ----
         |..|    |.|   -----......*.a...........------------...[------- |..|
         |..|    |.--  |.<..*.....|...............|       |.......--..| |..|
         |..|    |..| --..--*..-----..............|       |>[.........---.--
         -..-    --.|--...|-...|   |........--....-       |-........0.....|
        |....|    |.|...---.[.--   |....-...|---...|      |...............|
        |....|    -...---|.....|   |......---  |..--      --.........---.--
        --..--   |...--  |..|.--   --....--    |..|        --------.-- ---
         ----    -----   ------     ------     ----               ---
DiePARTEI the Excursionist  St:9 Dx:12 Co:18 In:12 Wi:9 Ch:15  Neutral
Dlvl:4  $:5  HP:0(75) Pw:40(40) AC:-1 Xp:8 T:8737  Fainting Burdened

Latest messages:
 The giant ant bites!
 The giant ant misses!
 The giant ant bites!
 The giant ant bites!
 There is a newt corpse here; eat it? [ynq] (n) y
 Blecch!  Rotten food!
 You feel rather light headed.
 The giant ant bites!
 The giant ant bites!
 The giant ant bites!
 You don't have anything to eat.
 You miss the giant ant.
 The giant ant bites!
 The giant ant misses!
 The giant ant bites!
 The giant ant bites!
 You hit the giant ant!
 The giant ant misses!
 The giant ant bites!
 The giant ant misses!
 The giant ant bites!
 You feel less confused now.
 The giant ant bites!
 The giant ant misses!
 The giant ant misses!
 The giant ant bites!
 The giant ant bites!
 What do you want to drink? [exM or ?*] x
 This tastes like water.
 The giant ant misses!
 The giant ant bites!
 The giant ant misses!
 The giant ant bites!
 The giant ant bites!
 You miss the giant ant.
 The giant ant bites!
 The giant ant bites!
 The giant ant misses!
 The giant ant misses!
 The giant ant bites!
 The giant ant bites!
 The giant ant misses!
 The giant ant misses!
 The giant ant bites!
 You die...
 Do you want your possessions identified? [ynq] (y) y
 Do you want to see your attributes? [ynq] (y) y
 Do you want an account of creatures vanquished? [ynaq] (y) y
 Do you want to see your conduct and achievements? [ynq] (y) y
 Do you want to see the dungeon overview? [ynq] (y) y

Inventory:
 Coins    ('$')
  $ - 5 gold pieces
 Weapons  (')')
  R - a poisoned +0 dart
  D - 7 +0 daggers (at the ready)
  Q - a +0 orcish dagger
  S - a +2 dwarvish short sword
  a - the rustproof +1 Vorpal Blade (weapon in right hand)
  I - the +1 Werebane
 Armor    ('[')
  E - a blessed rusty +2 dwarvish iron helm (being worn)
  g - an uncursed +0 pair of iron shoes (being worn)
  G - an uncursed +0 dwarvish roundshield
  U - an uncursed +0 dwarvish cloak (being worn)
  b - an uncursed +0 mummy wrapping
  k - an uncursed +0 Hawaiian shirt with a parrot motif (being worn)
  H - an uncursed +0 dwarvish mithril-coat (being worn)
 Scrolls  ('?')
  B - a cursed scroll of confuse monster
  o - an uncursed scroll of food detection
  j - 4 uncursed scrolls of magic mapping
 Potions  ('!')
  e - a blessed potion of object detection
  M - an uncursed potion of paralysis
 Rings    ('=')
  T - an uncursed ring of aggravate monster
  w - a cursed -1 ring of gain strength (on left hand)
  A - an uncursed ring of see invisible
  q - an uncursed ring of shock resistance
 Wands    ('/')
  C - a wand of cold (0:6)
  V - a blessed wand of digging (0:7)
  P - a wand of magic missile (0:7)
  i - a wand of magic missile (0:5)
  d - a wand of sleep (0:5)
 Tools    ('(')
  s - an uncursed sack containing 1 item
  W - a bag of tricks (0:12)
  Z - an uncursed blindfold
  m - an uncursed credit card named poisres
  l - an expensive camera (0:92)
  O - an uncursed mirror
 Gems/Stones  ('*')
  p - an uncursed aquamarine stone
  h - 2 uncursed chrysoberyl stones
  L - 2 uncursed citrine stones
  v - an uncursed topaz stone
  y - 2 uncursed worthless pieces of black glass
  N - 4 uncursed worthless pieces of blue glass
  f - 3 uncursed worthless pieces of green glass
  u - 2 uncursed worthless pieces of orange glass
  n - 3 uncursed worthless pieces of red glass
  z - an uncursed worthless piece of violet glass
  K - an uncursed worthless piece of white glass
  X - a cursed worthless piece of yellow glass
  J - an uncursed worthless piece of yellowish brown glass

Contents of the sack:
  369 gold pieces

DiePARTEI the Tourist's attributes:

Background:
 You were an Excursionist, a level 8 male human Tourist.
 You were neutral, on a mission for The Lady
 who was opposed by Blind Io (lawful) and Offler (chaotic).
 You were right-handed.
 You were in the Gnomish Mines, on level 4.
 You entered the dungeon 8737 turns ago.
 You had 1280 experience points, 1280 more were needed to attain level 9.

Basics:
 You had 0 out of 75 hit points.
 You had all 40 energy points (spell power).
 Your armor class was -1.
 Your wallet contained 5 zorkmids, and
 you had 369 more stashed away in your pack.
 Autopickup was off.

Final Characteristics:
 Your strength was 9 (base:11, peak:12, limit:18/100).
 Your dexterity was 12 (limit:18).
 Your constitution was 18 (limit:18).
 Your intelligence was 12 (limit:18).
 Your wisdom was 9 (peak:12, limit:18).
 Your charisma was 15 (limit:18).

Final Status:
 You were fainting due to starvation.
 You were burdened; movement was slightly slowed.
 You were wielding a long sword.
 You were unskilled in long sword and could have enhanced that.

Final Attributes:
 You were piously aligned.
 Your items were somewhat protected from fire.
 Your items were somewhat protected from cold.
 You were poison resistant.
 You were telepathic.
 You were guarded.
 Your spell casting was impaired by metallic armor.
 You were unlucky.
 The Lady was angry with you.
 You are dead.

Miscellaneous:
 You didn't encounter any bones levels.
 Total elapsed playing time was 1 hour, 31 minutes and 21 seconds.

Major events:
 Turn
    1: DiePARTEI the neutral male human Tourist entered the dungeon
  419: entered the Gnomish Mines
  989: attained the rank of Sightseer (level 3)
 2280: reached Mine Town
 2450: attained the rank of Excursionist (level 6)
 5968: was bestowed with Werebane by The Lady
 8159: was bestowed with Vorpal Blade by The Lady
 8737: killed by a giant ant

Spells:
 Name                 Level Category     Fail Retention
 fireball               4   attack       100%   51%-75%

Skills:
 Fighting Skills
   bare handed combat [Unskilled]
   two weapon combat  [Unskilled]
   riding             [Unskilled]
 Weapon Skills
   dagger             [Basic]
   knife              [Unskilled]
   axe                [Unskilled]
   pick-axe           [Unskilled]
   short sword        [Unskilled]
   broadsword         [Unskilled]
   long sword         [Unskilled]
   two-handed sword   [Unskilled]
   saber              [Unskilled]
   mace               [Unskilled]
   morning star       [Unskilled]
   flail              [Unskilled]
   hammer             [Unskilled]
   quarterstaff       [Unskilled]
   polearms           [Unskilled]
   spear              [Unskilled]
   trident            [Unskilled]
   lance              [Unskilled]
   bow                [Unskilled]
   sling              [Unskilled]
   crossbow           [Unskilled]
   dart               [Expert]
   shuriken           [Unskilled]
   boomerang          [Unskilled]
   whip               [Unskilled]
   unicorn horn       [Unskilled]
 Spellcasting Skills
   divination spells  [Unskilled]
   enchantment spells [Unskilled]
   escape spells      [Unskilled]

Voluntary challenges:
 Character rerolling was not enabled.
 You never genocided any monsters.
 You never changed form.
 You used no wishes.
Achievements:
 You entered the Gnomish Mines.
 You entered a shop.
 You attained the rank of Sightseer.
 You entered Minetown.
 You attained the rank of Excursionist.
 You entered a temple.

 The Dungeons of Doom: levels 1 to 4
    Level 1:
       A fountain.
    Level 2:
       A scroll shop, many altars.
       Stairs down to The Gnomish Mines.
    Level 3:
       A weapon shop.
    Level 4:
       A sink.
 The Gnomish Mines: levels 3 to 10
    Level 3:
    Level 4: <- You were here.
       Final resting place for
          you, killed by a giant ant.
    Level 5:
    Level 6:
       Many shops, a temple and an altar, many fountains.
    Level 7:
    Level 8:
    Level 9:
    Level 10:


Vanquished creatures:
  a small mimic
  a gnome ruler
 an orc mummy
  a werewolf
  2 lizards
  a housecat
  a blue jelly
  a dust vortex
  a raven
  3 gnome mummies
  2 apes
  a human zombie
  a bugbear
 an imp
  a quasit
  2 wood nymphs
  a water nymph
  9 Uruk-hai
  2 rock piercers
  2 rock moles
  a pony
  a yellow light
  a shrieker
  2 violet fungi
 13 gnome leaders
  4 gnomish wizards
  a gray ooze
  2 elf zombies
  a ghoul
  a straw golem
  3 giant ants
  4 floating eyes
 15 dwarves
  a kobold leader
  4 hill orcs
  9 rothes
  a centipede
  2 giant bats
 an orc zombie
 an iguana
  5 killer bees
  3 hobbits
  8 manes
  a giant rat
  7 cave spiders
  2 brown molds
  a yellow mold
  a red mold
 56 gnomes
  7 garter snakes
  2 gnome zombies
  7 geckos
  4 jackals
  2 foxes
  a kobold
  6 goblins
  a sewer rat
  5 grid bugs
  2 bats
  6 lichens
  7 newts
237 creatures vanquished.

No species were genocided or became extinct.

Game over:
                       ----------
                      /          \
                     /    REST    \
                    /      IN      \
                   /     PEACE      \
                  /                  \
                  |    DiePARTEI     |
                  |      374 Au      |
                  |   killed by a    |
                  |    giant ant     |
                  |                  |
                  |                  |
                  |       2026       |
                 *|     *  *  *      | *
        _________)/\\_//(\/(/\)/\//\/|_)_______

Aloha DiePARTEI the Tourist...

You died in The Gnomish Mines on dungeon level 4 with 8168 points,
and 374 pieces of gold, after 8737 moves.
You were level 8 with a maximum of 75 hit points when you died.

